 Dungeon Crawl Stone Soup version 0.32-a0-791-gfc315c9ecd (webtiles) character file.

Game seed: 7098900090629051974

384 jasper the Cleaver (level 6, -1/76 HPs)
             Began as a Minotaur Berserker on Mar 20, 2024.
             Was a Priest of Trog (penitent).
             Slain by a polar bear (13 damage)
             ... created by the rage of Trog
             ... on level 5 of the Dungeon.
             The game lasted 00:05:29 (2818 turns).

jasper the Cleaver (Minotaur Berserker)             Turns: 2818, Time: 00:05:30

Health: -1/76      AC:  7    Str: 24    XL:     6   Next: 47%
Magic:  5/5        EV:  9    Int:  4    God:    Trog [***...]
Gold:   112        SH:  0    Dex:  9    Spells: 5/5 levels left

rFire   . . .        a - +0 hand axe
rCold   . . .        (no shield)
rNeg    . . .        b - +0 scale mail
rPois   .            (helmet restricted)
rElec   .            (no cloak)
rCorr   .            (no gloves)
SInv    .            e - +0 pair of boots
Will    +....        (no amulet) Stlth
                     t - ring of willpower
HPRegen 0.32/turn    (no ring)
MPRegen 0.09/turn

%: no passive effects
@: berserking, very quick
A: horns 2, retaliatory headbutt
a: Renounce Religion


You were on level 5 of the Dungeon.
You worshipped Trog.
Trog was demanding penance.
You visited 1 branch of the dungeon, and saw 5 of its levels.

You collected 202 gold pieces.
You spent 90 gold pieces at shops.

Inventory:

Hand Weapons
 a - a +0 hand axe (weapon)
 n - a +2 vampiric halberd
 r - a +0 flail
 x - the +1 flail of the Five Knaves {protect, rPois rN+}
   (You took it off a hobgoblin on level 4 of the Dungeon)

   rPois:     It protects you from poison.
   rN+:       It protects you from negative energy.
Missiles
 c - 52 stones (quivered)
 i - 5 poisoned darts
 s - 2 atropa-tipped darts
Armour
 b - a +0 scale mail (worn)
 e - a +0 pair of boots (worn)
 f - a scarf of invisibility
Jewellery
 t - a ring of willpower (left hand)
 w - an amulet of faith
Scrolls
 j - a scroll of poison
 q - 3 scrolls of teleportation
Potions
 g - 2 potions of mutation
 h - 2 potions of enlightenment
 k - 2 potions of curing
 l - a potion of attraction
 m - a potion of lignification
 o - a potion of invisibility {unknown}
 p - a potion of degeneration {unknown}
 u - a potion of might {unknown}
 z - a potion of experience {unknown}


   Skills:
 - Level 3.6 Fighting
 + Level 8.9 Axes
 - Level 2.4 Armour
 - Level 2.1 Dodging


You had 5 spell levels left.
You didn't know any spells.
Your spell library contained the following spells:

 Spells                   Type           Power      Damage    Failure   Level
 Slow                     Hex            0%         N/A       80%         1
 Confusing Touch          Hex            0%         N/A       99%         3
 Vampiric Draining        Necr           0%         2d6       99%         3


Dungeon Overview and Level Annotations

Branches:
Dungeon (5/15)
 Temple: D:4-7

Altars:
Fedhas
Kikubaaqudgha
Nemelex Xobeh
Ru

Shops:
D:3 ?

Annotations:
D:3 3 runed translucent doors, Fractals's ghost, amateur KoCj


Innate Abilities, Weirdness & Mutations

You have a pair of horns on your head.
You reflexively headbutt those who attack you in melee.


Message History

You kill the hound!
Trog accepts your kill.
You start resting.
Trog sends monsters to punish you.
A polar bear and 3 black bears come into view.
A red film seems to cover your vision as you go berserk!
You feel yourself moving faster!
You feel mighty!
You now have 44/76 hp.
You slash the black bear! Your headbutt misses the black bear.
The black bear is moderately wounded.
You barely miss the black bear. You closely miss the black bear.
The black bear is moderately wounded.
You slash the black bear! The black bear bites you.
The black bear claws you but does no damage.
The black bear claws you.
You take 5 damage, and have 40/76 hp.
You slash the polar bear!
The polar bear is lightly wounded.
You hit the black bear.
The black bear rages. x2
The black bear bites you. The black bear claws you.
The black bear barely misses you.
You take 8 damage, and have 32/76 hp.
You slash the polar bear!
The polar bear is moderately wounded.
You hit the black bear. The polar bear bites you!
* * * LOW HITPOINT WARNING * * *
The polar bear closely misses you. The polar bear claws you.
* * * LOW HITPOINT WARNING * * *
The black bear closely misses you.
The black bear claws you but does no damage.
The black bear completely misses you.
You take 20 damage, and have 12/76 hp.
MASSIVE DAMAGE!!
You slash the polar bear!
The polar bear is heavily wounded.
You barely miss the black bear.
The black bear rages.
The polar bear bites you!
You die...

#.# #.# #.# #.#
#.# #.# #.#
#############.#
.....hh@hh....#
###############


You could see a polar bear (berserk) and 3 black bears.

Vanquished Creatures
  An ice beast (D:5)
  A scorpion (D:4)
  A hound (D:5)
  Robin (D:3)
  4 gnolls (D:3)
  6 adders
  3 dart slugs
  5 ribbon worms
  2 orcs (D:3)
  8 ball pythons
  7 endoplasms
  3 giant cockroaches
  11 goblins
  10 hobgoblins
  3 quokkas
  3 bats
  2 frilled lizards (D:1)
  2 kobolds
  7 rats
80 creatures vanquished.

Notes
Turn   | Place    | Note
-------+----------+-------------------------------------------
     0 | D:1      | jasper the Minotaur Berserker began the quest for the Orb.
     0 | D:1      | Reached XP level 1. HP: 19/19 MP: 0/0
    94 | D:1      | Reached skill level 4 in Axes
   198 | D:1      | Reached XP level 2. HP: 26/26 MP: 1/1
   473 | D:1      | Reached ** piety under Trog
   511 | D:2      | Reached skill level 5 in Axes
   602 | D:2      | Reached XP level 3. HP: 30/31 MP: 2/2
   885 | D:2      | Found an ancient bone altar of Kikubaaqudgha.
  1310 | D:3      | Noticed Robin
  1317 | D:3      | Reached skill level 6 in Axes
  1317 | D:3      | Reached XP level 4. HP: 37/39 MP: 3/3
  1328 | D:3      | Killed Robin
  1363 | D:3      | Found Kegunguu's Magic Scroll Emporium.
  1393 | D:3      | Bought 3 scrolls of identify for 60 gold pieces
  1393 | D:3      | Bought a scroll of teleportation for 30 gold pieces
  1484 | D:3      | Reached XP level 5. HP: 28/45 MP: 4/4
  1490 | D:3      | Reached skill level 7 in Axes
  1602 | D:3      | Found a runed translucent gate.
  1609 | D:3      | Found a runed translucent gate.
  1610 | D:3      | Found a runed translucent gate.
  1657 | D:3      | Reached *** piety under Trog
  1671 | D:3      | Noticed Fractals's ghost (amateur KoCj)
  2070 | D:4      | Found a blossoming altar of Fedhas.
  2133 | D:4      | Reached skill level 8 in Axes
  2423 | D:4      | Was placed under penance by Trog
  2427 | D:4      | Identified the +1 flail of the Five Knaves {protect, rPois
                  | rN+}
  2459 | D:4      | Found a sacrificial altar of Ru.
  2491 | D:4      | Found a sparkling altar of Nemelex Xobeh.
  2615 | D:5      | Entered Level 5 of the Dungeon
  2615 | D:5      | Noticed an ice beast
  2631 | D:5      | Killed an ice beast
  2632 | D:5      | Reached XP level 6. HP: 51/51 MP: 5/5
  2813 | D:5      | Noticed a polar bear
  2818 | D:5      | Slain by a polar bear

Illustrated notes

Levels and vault maps discovered:
D:1:      onia_arrival_pyramid, layout_rooms
D:2:      layout_loops_ring, basic_altar, nicolae_titane
D:3:      layout_loops_ring, gammafunk_ghost_icy, serial_shops,
          nicolae_shop_window_shopping, nicolae_wormholes, uniq_robin
D:4:      layout_basic, fedhas_altar_3, mainiacjoe_overflow_two_lobes,
          minmay_misc_feat_tower
D:5:      layout_basic, gammafunk_temple_overflow_claw,
          minmay_temple_entry_tees, serial_shops, shop, solitary_fountain,
          uniq_duvessa, uniq_grinder, uniq_edmund

Skill      XL: |  1  2  3  4  5 |
---------------+----------------+-----
Axes           | 4 5 6 8 |  8.9
Fighting       | |  3.6
Armour         | |  2.4
Dodging        | |  2.1

Action                     |  1- 3 |  4- 6 || total
---------------------------+-------+-------++-------
  Melee: Hand axe          |    90 |   118 ||   208
         Headbutt          |     8 |    14 ||    22
  Throw: Stone             |     1 |     1 ||     2
    Use: Scroll            |     5 |     6 ||    11
         Potion            |       |     1 ||     1
 Armour: Leather armour    |     3 |       ||     3
         Scale mail        |    58 |    92 ||   150
  Dodge: Dodged            |    39 |    52 ||    91

Table legend: (Time is in decaauts)
 A = Elapsed time spent in this place.
 B = Non-inter-level travel time spent in this place.
 C = Inter-level travel time spent in this place.
 D = Time resting spent in this place.
 E = Time spent auto-exploring this place.
 F = Levels seen in this place.
 G = Mean time per level.
                   A        B        C        D        E       F      G
               +--------+--------+--------+--------+--------+-----+--------+
         Total |   2812 |   2743 |     69 |    283 |   1823 |   5 |  562.4 |
       Dungeon |   2812 |   2743 |     69 |    283 |   1823 |   5 |  562.4 |
               +--------+--------+--------+--------+--------+-----+--------+

Top non-repeatable levels by time:
     D:3: 810 daAuts
     D:2: 664 daAuts
     D:4: 632 daAuts
     D:1: 506 daAuts
     D:5: 198 daAuts
